[Event "Torneio Nacional Honour 2017-18"]
[Site "Cascais"]
[Date "2018.08.13"]
[Round "4"]
[White "De Moura, Fernando Alves"]
[Black "Godinho Marques, Pedro"]
[Result "1/2-1/2"]
[ECO "C54"]
[WhiteElo "1814"]
[BlackElo "1862"]
[Annotator "NA RC"]
[PlyCount "139"]
[EventDate "2018.08.11"]
[EventType "tourn"]
[EventCountry "POR"]
[SourceTitle "playchess.com"]
[Source "ChessBase"]
[SourceQuality "1"]
[TimeControl "5400+30"]

1. e4 e5 2. Nf3 Nc6 3. Bc4 Bc5 4. c3 Nf6 5. d3 h6 6. a4 {[%emt 0:02:09] C54: Giuoco Piano: 4 c3 Nf6, main lines with 5 d4 and 5 d3} (6. b4 Bb6 7. a4 a6 8. O-O O-O 9. Bb3 d6 10. Nbd2 Be6 11. Bxe6 fxe6 12. Nc4 Ba7 13. Qb3 Qe8 14. Be3 Bxe3 15. Nxe3 {½-½ (54) Rapport,R (2707)-Safarli,E (2639) Riadh 2017}) 6... a5 7. Na3 d6 8. Nc2 Qe7 $146 ({Predecessor:} 8... d5 9. exd5 Nxd5 10. Ne3 Nf4 11. O-O O-O 12. g3 Nh3+ 13. Kg2 Qd6 {1-0 (34) Nebolsina,V (2285)-Motycakova,M (2162) Reykjavik 2017}) 9. Be3 Be6 10. Bb5 Bxe3 11. Nxe3 O-O 12. O-O Ng4 13. Nd5 Qd8 14. h3 Nf6 15. Bc4 Bxd5 16. exd5 Ne7 17. Qb3 c6 18. d4 cxd5 19. Bb5 e4 20. Ne1 Nf5 21. Nc2 Qe7 22. Rae1 Qc7 23. Ne3 Ne7 24. Qd1 Qc8 25. Be2 Nh7 26. Qb3 Nf6 27. Qd1 Kh8 28. Kh2 Qe6 29. g3 Nh7 30. Rh1 f5 31. Ng2 g5 32. Qd2 Ng6 33. f4 Qf6 34. Qe3 Kg7 35. Rhg1 Rf7 36. Ref1 Raf8 37. Rf2 (37. Bh5 $1 $14) 37... Qd8 38. Rgf1 Rf6 39. Qd2 Ne7 40. Ne3 Kg6 41. Qd1 Qb6 42. Bb5 h5 43. Re1 R6f7 (43... Kg7 $14) 44. Qe2 (44. fxg5 $16 Nxg5 45. Ng2) 44... g4 45. h4 Nf6 46. Qd1 Ne8 47. Qc2 Nc7 48. Bf1 Ra8 49. Ra1 Rff8 50. Ra3 Qc6 51. Qb3 Rfb8 52. Bb5 Nxb5 53. axb5 Qd7 54. Ra4 Qe6 55. Rf1 (55. Qa2 $11) 55... b6 56. Rc1 Rc8 57. Rca1 Ra7 58. Rc1 Rac7 59. Rc2 Kf6 60. Rc1 Qg8 61. Rg1 (61. Qa3 $1 $11) 61... Rb8 62. Rg2 Ke6 63. Rc2 Qc8 64. Rc1 $1 Qb7 65. Rca1 Qc8 66. Rc1 Qd7 67. Rca1 Rbc8 68. Rc1 Qe8 $15 69. Rc2 Qd7 70. Rc1 1/2-1/2

[Event "Torneio Nacional Honour 2017-18"]
[Site "Cascais"]
[Date "2018.08.13"]
[Round "4"]
[White "Goncalves, Carlos Manuel M"]
[Black "Santos, Ruben Jose Melo"]
[Result "0-1"]
[ECO "D02"]
[WhiteElo "1645"]
[BlackElo "1718"]
[Annotator "NA RC"]
[PlyCount "102"]
[EventDate "2018.08.11"]
[EventType "tourn"]
[EventCountry "POR"]
[SourceTitle "playchess.com"]
[Source "ChessBase"]
[SourceQuality "1"]
[TimeControl "5400+30"]

1. Nf3 d5 2. d4 Bf5 3. c4 e6 4. Bf4 Nf6 5. h3 Nbd7 6. Qb3 b6 7. cxd5 Nxd5 8. Bh2 Bb4+ 9. Nbd2 c5 10. e3 O-O 11. Bc4 N7f6 12. O-O Bxd2 13. Nxd2 Ne7 14. Nf3 Rc8 15. Rac1 Nc6 16. dxc5 Na5 17. Qa4 Nxc4 18. Rxc4 b5 19. Qxb5 Bd3 20. Rfc1 Bxc4 21. Qxc4 Qa5 22. b4 Qa4 23. Be5 Nd5 24. c6 f6 25. Bd4 Qxb4 26. Qxb4 Nxb4 27. c7 Rf7 28. Rc4 Nxa2 29. Ra4 Nc1 30. Rxa7 Rfxc7 31. Rxc7 Rxc7 32. Ne1 Ne2+ 33. Kf1 Nxd4 34. exd4 Rc4 35. Nf3 g5 36. Ke2 h5 37. Kd3 Ra4 38. g4 h4 39. Ng1 Kf7 40. Ne2 Kg6 41. Ke4 Ra2 42. Ke3 f5 43. gxf5+ Kxf5 44. Ng1 Ra3+ 45. Ke2 Ke4 46. f3+ Kf4 47. Kf2 Ra2+ 48. Ne2+ Rxe2+ 49. Kxe2 Kg3 50. Ke3 Kxh3 51. Kf2 Kh2 0-1

[Event "Torneio Nacional Honour 2017-18"]
[Site "Cascais"]
[Date "2018.08.14"]
[Round "5"]
[White "Marques, Pedro"]
[Black "Horta, Antonio"]
[Result "1-0"]
[ECO "D35"]
[WhiteElo "1862"]
[BlackElo "1912"]
[Annotator "NA"]
[PlyCount "69"]
[EventDate "2018.08.11"]
[EventType "tourn"]
[EventCountry "POR"]
[SourceTitle "playchess.com"]
[Source "ChessBase"]
[SourceQuality "1"]
[TimeControl "5400+30"]

1. c4 e6 2. Nc3 d5 3. d4 Nf6 4. cxd5 exd5 5. Bg5 Be7 6. e3 O-O 7. Bd3 c6 8. Qc2 Nbd7 9. Nf3 Re8 10. O-O g6 11. Bf4 Nf8 12. Rab1 Ne6 13. Bg3 Ng7 14. b4 a6 15. Ne5 Nf5 16. Bf4 Nh5 17. Ne2 Nxf4 18. exf4 Bd6 19. a4 Qe7 20. b5 axb5 21. axb5 c5 22. dxc5 Bxc5 23. Ng3 Nd4 24. Qb2 Ne6 25. Ng4 Bd4 26. Qd2 Qh4 27. f5 Qxg4 28. fxe6 Bxe6 29. Rb4 Rac8 30. Be2 Bc3 31. Qxc3 Qg5 32. Qd4 h5 33. Bf3 h4 34. Qxh4 Qd2 35. Rd4 1-0

[Event "Torneio Nacional Honour 2017-18"]
[Site "Cascais"]
[Date "2018.08.14"]
[Round "5"]
[White "Lavrador, Rodolfo Manuel"]
[Black "Goncalves, Carlos"]
[Result "0-1"]
[ECO "B01"]
[WhiteElo "1859"]
[BlackElo "1645"]
[Annotator "NA"]
[PlyCount "156"]
[EventDate "2018.08.11"]
[EventType "tourn"]
[EventCountry "POR"]
[SourceTitle "playchess.com"]
[Source "ChessBase"]
[SourceQuality "1"]
[TimeControl "5400+30"]

1. e4 d5 2. exd5 Qxd5 3. Nc3 Qd6 4. Nf3 Nf6 5. d4 c6 6. Be2 Bf5 7. O-O e6 8. Re1 h6 9. h3 Be7 10. Be3 O-O 11. Qd2 Qc7 12. Bd3 Bxd3 13. Qxd3 Nbd7 14. Ne2 Nb6 15. c4 Rad8 16. Bf4 Qc8 17. Rac1 c5 18. Qa3 Rfe8 19. Qxa7 Nfd7 20. Qa5 Qc6 21. dxc5 Bxc5 22. Qb5 Rc8 23. Qxc6 Rxc6 24. Red1 e5 25. Bd2 Nxc4 26. Bc3 Ncb6 27. Kf1 f6 28. a4 Nf8 29. b3 Be7 30. Ba5 Rxc1 31. Rxc1 Nd5 32. Ng3 g6 33. Bd2 h5 34. Ne2 Ne6 35. g3 Kf7 36. Nc3 Rd8 37. Nb5 Bb4 38. Bxb4 Nxb4 39. Ke2 Rd3 40. Nd2 Rd7 41. Nc4 Nd4+ 42. Nxd4 Rxd4 43. Rd1 Nc6 44. Nd6+ Ke7 45. Nxb7 Rb4 46. Nc5 Nd4+ 47. Kf1 Nxb3 48. Nxb3 Rxb3 49. Ra1 Kd7 50. h4 Kc7 51. a5 Kb7 52. a6+ Ka7 53. Ke2 Rb6 54. Kd3 f5 55. Ra2 Rxa6 56. Rxa6+ Kxa6 57. Kc4 Kb6 58. Kd5 e4 59. Kd6 Kb5 60. Kd5 Kb4 61. Kd4 Kb3 62. Ke5 Kc3 63. Kf6 Kd3 64. Kxg6 Ke2 65. Kxh5 Kxf2 66. Kg6 e3 67. h5 e2 68. Kxf5 Kxg3 69. h6 e1=Q 70. Kg6 Qe6+ 71. Kg7 Qg4+ 72. Kh8 Qd4+ 73. Kg8 Qd5+ 74. Kg7 Qe5+ 75. Kg8 Qe6+ 76. Kg7 Qe5+ 77. Kg8 Qg5+ 78. Kh7 Kf4 0-1

[Event "Torneio Nacional Honour 2017-18"]
[Site "Cascais"]
[Date "2018.08.14"]
[Round "5"]
[White "Sa, Claudio Simao Carva"]
[Black "Alves, Fernando"]
[Result "1-0"]
[ECO "C52"]
[WhiteElo "1790"]
[BlackElo "1689"]
[Annotator "NA"]
[PlyCount "57"]
[EventDate "2018.08.11"]
[EventType "tourn"]
[EventCountry "POR"]
[SourceTitle "playchess.com"]
[Source "ChessBase"]
[SourceQuality "1"]
[TimeControl "5400+30"]

1. e4 e5 2. Nf3 Nc6 3. Bc4 Bc5 4. b4 Bxb4 5. c3 Ba5 6. O-O d6 7. d4 Bb6 8. dxe5 Be6 9. Bb5 h6 10. Ba3 Bc5 11. Nd4 Nge7 12. exd6 Bxd6 13. Nxe6 fxe6 14. Qh5+ g6 15. Bxc6+ bxc6 16. Qg4 Kf7 17. Rd1 e5 18. c4 c5 19. Bxc5 Qb8 20. Bxd6 cxd6 21. Nc3 Qb4 22. Nb5 Rhd8 23. Nc7 Qxc4 24. Nxa8 Qc6 25. Rac1 Qxa8 26. Rc7 Qb8 27. Rdc1 Qb2 28. Qf3+ Ke8 29. Qf6 1-0

[Event "Torneio Nacional Honour 2017-18"]
[Site "Cascais"]
[Date "2018.08.14"]
[Round "5"]
[White "Santos, Isabel"]
[Black "Guia, Artur Solovyov Eloy"]
[Result "1-0"]
[ECO "E09"]
[WhiteElo "1789"]
[BlackElo "1818"]
[Annotator "NA"]
[PlyCount "53"]
[EventDate "2018.08.11"]
[EventType "tourn"]
[EventCountry "POR"]
[SourceTitle "playchess.com"]
[Source "ChessBase"]
[SourceQuality "1"]
[TimeControl "5400+30"]

1. d4 d5 2. c4 e6 3. Nf3 Nf6 4. g3 Be7 5. Bg2 O-O 6. O-O Nbd7 7. Nbd2 c6 8. Qc2 b6 9. e4 dxe4 10. Nxe4 Bb7 11. Ne5 Qc7 12. Bf4 Qc8 13. Rfd1 Nxe4 14. Bxe4 Nf6 15. Bg2 Rd8 16. Qb3 Bd6 17. Bg5 Be7 18. Rac1 h6 19. Bf4 Nh5 20. d5 Nxf4 21. gxf4 exd5 22. cxd5 c5 23. d6 Bxg2 24. Qxf7+ Kh7 25. Qg6+ Kg8 26. dxe7 Rxd1+ 27. Rxd1 1-0

[Event "Torneio Nacional Honour 2017-18"]
[Site "Cascais"]
[Date "2018.08.14"]
[Round "5"]
[White "Santos, Ruben"]
[Black "Santos, Jose Barria"]
[Result "0-1"]
[ECO "E92"]
[WhiteElo "1718"]
[BlackElo "2062"]
[Annotator "NA"]
[PlyCount "52"]
[EventDate "2018.08.11"]
[EventType "tourn"]
[EventCountry "POR"]
[SourceTitle "playchess.com"]
[Source "ChessBase"]
[SourceQuality "1"]
[TimeControl "5400+30"]

1. d4 Nf6 2. c4 g6 3. Nc3 Bg7 4. e4 d6 5. Nf3 O-O 6. Be2 e5 7. d5 a5 8. O-O Nbd7 9. Ne1 Nc5 10. f3 Nfd7 11. Be3 f5 12. Nd3 f4 13. Bf2 g5 14. Nb5 Rf7 15. a3 Bf8 16. b4 Nxd3 17. Qxd3 Rg7 18. Rac1 b6 19. c5 bxc5 20. bxc5 Nxc5 21. Bxc5 dxc5 22. d6 c6 23. Nc7 Rb8 24. Rfd1 Kh8 25. Rxc5 Rxc7 26. dxc7 Bxc5+ 0-1

[Event "Torneio Nacional Honour 2017-18"]
[Site "Cascais"]
[Date "2018.08.15"]
[Round "6"]
[White "Santos, Jose Barria"]
[Black "Lavrador, Rodolfo M Mascarenh"]
[Result "1-0"]
[ECO "D04"]
[WhiteElo "2062"]
[BlackElo "1859"]
[Annotator "NA"]
[PlyCount "137"]
[EventDate "2018.08.11"]
[EventType "tourn"]
[EventCountry "POR"]
[SourceTitle "playchess.com"]
[Source "ChessBase"]
[SourceQuality "1"]
[TimeControl "5400+30"]

1. Nf3 d5 2. d4 Nf6 3. e3 Bg4 4. Nbd2 Nbd7 {[%emt 0:00:49] LiveBook: 3 Partien D04: Colle System} (4... e6 5. h3 Bh5 6. c4 c6 7. Qc2 Nbd7 8. b3 Be7 9. Bb2 O-O 10. Bd3 Bg6 11. O-O a5 12. Bxg6 hxg6 {1-0 (39) Drazic,S (2501)-Mastrovasilis,D (2604) Valjevo 2011}) 5. h3 Bh5 6. c3 e6 7. Qb3 b6 $146 ({Predecessor:} 7... Rb8 8. Bd3 Be7 9. Qc2 Bg6 10. Bxg6 hxg6 11. e4 dxe4 12. Nxe4 Nxe4 13. Qxe4 {0-1 (37) Soeder,T (2008)-Heinz,T (2054) Bayern 2010}) 8. Bb5 Bd6 9. Bc6 Rb8 10. c4 Bxf3 11. Nxf3 dxc4 12. Qxc4 Qe7 13. O-O O-O 14. e4 e5 15. Bg5 Rbd8 16. Rad1 h6 17. Bh4 Nb8 18. Bg3 Nxc6 19. Qxc6 Nd7 20. d5 f5 (20... Nc5 $11 {keeps the balance.}) 21. Nh4 f4 22. Ng6 Qg5 23. Nxf8 Nxf8 24. Bh2 f3 25. g3 Ng6 26. Qc3 Rf8 27. Rd3 Nf4 28. Kh1 Nxd3 29. Qxd3 {[%emt 0:00:04] [#]} Qh5 $1 30. Rg1 (30. h4 $142) 30... Bc5 31. Qf1 Bd4 32. b3 (32. g4 $142 Qg6 33. Qd3) 32... Rf6 (32... Qg6 $17 33. Qd3 c6 34. dxc6 Qxc6) 33. g4 Qg6 34. Qd3 c6 35. dxc6 Rxc6 36. Qxf3 Rf6 37. Qd3 Rxf2 38. Rg2 Qf6 39. Bg3 Rf3 40. Qc4+ Kh7 41. Kh2 a5 42. Rc2 Rf1 43. Qe2 Ra1 44. Rd2 Qf1 45. Qxf1 Rxf1 46. Kg2 Rf7 47. Rc2 g6 48. Rc6 Re7 49. Kf3 Kg7 50. Ke2 $11 Kf7 51. Kd3 Re6 52. Rc7+ Re7 53. Rc8 g5 54. Kc4 Re6 55. Rc7+ Kf6 56. Kd5 Re8 57. Rc6+ Kg7 58. Rc7+ Kf6 59. Rc6+ Kg7 60. Re6 Rd8+ 61. Rd6 Rxd6+ 62. Kxd6 Kf6 63. a4 Bc3 64. Kd5 Bd4 65. Bh2 Bc3 66. Bg1 Ke7 67. Bxb6 Kd7 68. Bc5 Bb2 69. Bf8 1-0

[Event "Torneio Nacional Honour 2017-18"]
[Site "Cascais"]
[Date "2018.08.15"]
[Round "6"]
[White "Horta, Antonio Mauricio Ri"]
[Black "Goncalves, Carlos Manuel M"]
[Result "1-0"]
[ECO "A05"]
[WhiteElo "1950"]
[BlackElo "1645"]
[Annotator "NA"]
[PlyCount "82"]
[EventDate "2018.08.11"]
[EventType "tourn"]
[EventCountry "POR"]
[SourceTitle "playchess.com"]
[Source "ChessBase"]
[SourceQuality "1"]
[TimeControl "5400+30"]

1. Nf3 Nf6 2. d4 d5 3. g3 g6 4. Bg2 Bg7 5. O-O O-O 6. c4 dxc4 7. Qc2 ({Günstiger ist} 7. Na3 $1 $14) 7... Nbd7 {[%emt 0:03:57] D77: Fianchetto Grünfeld: 6 0-0: Replies other than 6...c6} (7... Nc6 8. Qxc4 Be6 9. Qa4 Nd5 10. Nc3 Nb6 11. Qc2 Nxd4 12. Nxd4 Qxd4 13. Bxb7 Rab8 14. Be3 Qe5 15. Bf4 Qa5 {0-1 (26) Jorgensen,B (2274)-Grandelius,N (2642) Denmark 2017}) 8. Na3 Nb6 9. e4 c6 10. Be3 $146 ({Predecessor:} 10. h3 Be6 11. Be3 Qc8 12. Ng5 Rd8 13. Rac1 Ne8 14. Nxe6 Qxe6 15. e5 Nc7 16. Qe2 Ncd5 17. Bd2 {½-½ (17) Avdeev,A (2167)-Evgrafov,B (2319) ICCF email 2012}) 10... Ng4 11. Bg5 h6 12. Bf4 g5 13. Be3 (13. Bd2 $11 {remains equal.}) 13... Nxe3 14. fxe3 Be6 15. Nd2 Bg4 16. Naxc4 Nxc4 17. Nxc4 Bh5 18. Qb3 Qc7 19. Rac1 a5 20. Nb6 Ra6 21. Na4 b5 22. Nc5 Rb6 23. e5 Be2 24. Rf2 Bc4 25. Rxc4 bxc4 26. Qxc4 e6 27. b3 Ra8 (27... Qe7 $16 28. Qc3 Rbb8) 28. Rc2 Rb4 (28... Bf8 $142) 29. Qd3 Rb6 30. Qe4 Rab8 $2 (30... a4 $16) 31. Na4 Rb4 32. Rxc6 Qe7 33. Nc5 Rd8 34. Na6 Rb5 35. Qc2 g4 (35... Rb7 $16 {might work better.} 36. Qc3 Ra7) 36. Nc5 Qg5 37. Qe2 h5 $2 (37... Rbb8 $1 $14) 38. Ne4 ({Don't play} 38. Qxb5 Qxe3+ 39. Kh1 Qxd4 $18) 38... Qe7 $2 39. Qxb5 Qg5 40. Qe2 Qh6 41. Qb5 $2 ({Better is} 41. Qf2 $18) 41... Qg5 (41... Qxe3+ 42. Nf2 Qxd4) 1-0

[Event "Torneio Nacional Honour 2017-18"]
[Site "Cascais"]
[Date "2018.08.15"]
[Round "6"]
[White "Godinho Marques, Pedro"]
[Black "Sa, Claudio Simao Carva"]
[Result "1-0"]
[ECO "A80"]
[WhiteElo "1862"]
[BlackElo "1790"]
[Annotator "NA"]
[PlyCount "151"]
[EventDate "2018.08.11"]
[EventType "tourn"]
[EventCountry "POR"]
[SourceTitle "playchess.com"]
[Source "ChessBase"]
[SourceQuality "1"]
[TimeControl "5400+30"]

1. d4 f5 2. Nf3 Nf6 3. Bg5 e6 4. Nbd2 {[%emt 0:01:40] A80: Dutch Defence: Unusual White second moves} Be7 5. g3 b6 6. Bg2 Bb7 7. O-O O-O 8. Ne5 $146 ({Predecessor:} 8. c3 h6 9. Bxf6 Bxf6 10. Qc2 d5 11. Ne1 Nd7 12. Nd3 c5 13. dxc5 Nxc5 14. Nxc5 bxc5 15. c4 Qb6 16. cxd5 exd5 {½-½ (66) Wang,C (2529)-Wang,H (2700) Shenzhen 2015}) 8... Bxg2 9. Kxg2 d6 10. Nd3 Nc6 11. c3 e5 12. d5 Nb8 13. f3 Nbd7 14. e4 Nxd5 15. Qb3 Bxg5 16. Qxd5+ Kh8 17. f4 Nf6 18. Qc6 exf4 19. Nxf4 Bxf4 20. Rxf4 Ng4 21. Re1 (21. exf5 $11 {keeps the balance.} Ne5 22. Qd5) 21... Ne5 22. Qd5 c6 23. Qd4 fxe4 24. Rfxe4 (24. Nxe4 $15 Rxf4 25. gxf4) 24... Qf6 25. Rf1 Qg6 26. Ref4 Rxf4 27. Rxf4 Nd3 (27... Re8 $17 28. Ne4 Nf7) 28. Rg4 Ne1+ 29. Kf1 Nc2 (29... c5 $1 $11 {remains equal.} 30. Rxg6 cxd4 31. Rxd6 dxc3 32. Kxe1 (32. bxc3 Nc2 $14) 32... cxd2+ 33. Ke2 (33. Rxd2 Re8+ 34. Kd1 Kg8 $11) 33... Re8+ 34. Kxd2 Rf8 $11) 30. Rxg6 $16 Nxd4 31. Rxd6 Rf8+ 32. Kg2 Nf5 33. Rxc6 Ne3+ 34. Kh3 h6 35. Rc7 Rf5 36. g4 Rf2 37. Rd7 Rg2 38. Nc4 Re2 39. Re7 Rc2 40. Rxe3 b5 41. Na3 Rxb2 42. Re7 a5 43. Ra7 a4 44. Nxb5 Rxa2 45. c4 Kg8 46. c5 Rc2 47. Ra8+ Kf7 48. Nd6+ Kg6 49. Ne4 Rc4 50. Ra6+ Kh7 51. Nd6 Rc3+ 52. Kg2 a3 53. c6 Rc2+ 54. Kf3 a2 55. Nb5 Rxc6 56. Rxa2 Rf6+ 57. Kg3 Rb6 58. Rb2 Rc6 59. Rb3 Rc4 60. Nd6 Rd4 61. Nf5 Rd7 62. Re3 Kg6 63. Kf4 Ra7 64. Re7 Ra4+ 65. Kg3 h5 66. Rxg7+ Kf6 67. h3 Ra3+ 68. Kh4 Rd3 69. Rb7 hxg4 70. hxg4 Rd1 71. Rb6+ Kf7 72. Kg5 Rd5 73. Rf6+ Kg8 74. Kg6 Rd8 75. Nh6+ Kh8 76. Nf7+ 1-0

[Event "Torneio Nacional Honour 2017-18"]
[Site "Cascais"]
[Date "2018.08.15"]
[Round "6"]
[White "Guia, Artur Solovyov Eloy"]
[Black "Santos, Ruben Jose Melo"]
[Result "1-0"]
[ECO "C01"]
[WhiteElo "1818"]
[BlackElo "1718"]
[Annotator "NA"]
[PlyCount "107"]
[EventDate "2018.08.11"]
[EventType "tourn"]
[EventCountry "POR"]
[SourceTitle "playchess.com"]
[Source "ChessBase"]
[SourceQuality "1"]
[TimeControl "5400+30"]

1. e4 e6 2. d4 d5 3. exd5 exd5 4. Bd3 c5 5. dxc5 Bxc5 6. Nf3 Ne7 7. O-O O-O 8. Nc3 a6 9. Bf4 Nbc6 10. h3 Nb4 11. a3 Nxd3 12. Qxd3 Bf5 13. Qd2 d4 14. Ne2 $1 d3 15. cxd3 Qxd3 16. Rfd1 $11 Rfd8 17. Qxd3 Rxd3 18. Rxd3 Bxd3 19. Nc3 Ng6 20. Bc7 Rc8 21. Bg3 b5 22. Ne5 Nxe5 23. Bxe5 f6 24. Bf4 Bd4 25. Rc1 g5 26. Be3 Bxe3 27. fxe3 h5 28. Rd1 Bc4 29. Rd6 Kg7 30. Rxa6 b4 31. Ra7+ Kg6 32. axb4 Rb8 33. Rd7 Rxb4 34. Rd4 f5 35. b3 Rxb3 36. Rxc4 g4 37. hxg4 hxg4 38. Rc6+ Kg5 39. Nd5 g3 40. Kf1 Rd3 41. Rd6 Rd2 42. Ke1 Rxg2 43. Nf4 Rh2 44. Rg6+ Kh4 45. Rg8 Rf2 46. Rg7 Rh2 47. Ne2 Rg2 48. Kd2 Rf2 49. Kd3 Rf3 50. Kd4 Rf2 51. Nf4 Rf3 52. Ke5 g2 53. Kxf5 Rf1 54. Rg4# 1-0

[Event "Torneio Nacional Honour 2017-18"]
[Site "Cascais"]
[Date "2018.08.15"]
[Round "6"]
[White "De Moura, Fernando Alves"]
[Black "Santos, Isabel"]
[Result "0-1"]
[ECO "B17"]
[WhiteElo "1814"]
[BlackElo "2005"]
[Annotator "NA RC"]
[PlyCount "54"]
[EventDate "2018.08.11"]
[EventType "tourn"]
[EventCountry "POR"]
[SourceTitle "playchess.com"]
[Source "ChessBase"]
[SourceQuality "1"]
[TimeControl "5400+30"]

1. e4 c6 2. d4 d5 3. Nc3 dxe4 4. Nxe4 Nd7 5. Qe2 e6 6. Nf3 Ngf6 7. Ng3 c5 8. c3 b6 9. Bf4 Nd5 10. Bd2 Be7 11. h4 Bb7 12. Ne4 Rc8 13. Nfg5 cxd4 14. Qf3 (14. Qh5 $17 g6 15. Qf3) 14... Ne5 15. Qg3 dxc3 16. Bxc3 (16. bxc3) (16. Bb5+ $142 Kf8 17. Bxc3 Nxc3 18. Nxc3) 16... Nxc3 17. Nxc3 Nc4 18. Qg4 $2 (18. Bxc4 $19 Rxc4 19. Qe5) 18... Bxg5 $2 (18... Qd2# {mates}) 19. hxg5 $2 (19. Qxg5 $19 Qxg5 20. hxg5) 19... Nxb2 $2 (19... Qd2# {mates}) 20. g6 $2 (20. Bb5+ $17 Ke7 21. Rh3) 20... fxg6 {[#]} (20... Qf6 $142 21. Bb5+ Kf8) 21. Ne4 $2 (21. Qxg6+ $1 hxg6 22. Rxh8+ Ke7 23. Rxd8 Rxd8 24. f3) 21... Bxe4 (21... O-O $142 22. Qxe6+ Rf7) 22. Qxe4 Qd5 23. Qb1 Qe5+ 24. Be2 O-O 25. Kf1 Nc4 $19 26. Bxc4 Rxc4 27. Qd1 Qb2 0-1

[Event "Torneio Nacional Honour 2017-18"]
[Site "Cascais"]
[Date "2018.08.15"]
[Round "7"]
[White "Santos, Isabel"]
[Black "Godinho Marques, Pedro"]
[Result "1-0"]
[ECO "D30"]
[WhiteElo "2005"]
[BlackElo "1862"]
[Annotator "NA RC"]
[PlyCount "89"]
[EventDate "2018.08.11"]
[EventType "tourn"]
[EventCountry "POR"]
[SourceTitle "playchess.com"]
[Source "ChessBase"]
[SourceQuality "1"]
[TimeControl "5400+30"]

1. d4 d5 2. c4 e6 3. Nf3 c5 4. cxd5 exd5 5. g3 Nc6 6. Bg2 Nf6 7. O-O Be7 8. Bg5 Bf5 9. Nc3 O-O 10. Rc1 c4 11. Ne5 {[%emt 0:08:36] LiveBook: 5 Games} Be6 12. Nxc4 {[%emt 0:14:38] D34: Damengambit (Tarrasch-Verteidigung, Hauptvariante)} (12. Nxc6 bxc6 13. Bf4 Nh5 14. Be3 Rb8 15. Qd2 Bb4 16. Qc2 Qd7 17. Rfd1 Bh3 18. Bf3 Bg4 19. Bxg4 Qxg4 {0-1 (28) Puntier Andujar,F (2094)-Benitez Pacheco,A (2168) Santo Domingo DOM 2016}) 12... dxc4 13. Bxf6 Bxf6 14. d5 Bxd5 $146 ({Vorgänger:} 14... Bxc3 15. Rxc3 Qb6 16. dxe6 Qxb2 17. exf7+ Kh8 18. Rxc4 Qxa2 19. Qc2 Qxc2 20. Rxc2 {½-½ (40) Stefan,O-Jankovec,I Zvolen 1963}) 15. Bxd5 Na5 16. Bg2 Rc8 17. Qc2 g6 18. Rfd1 Qe8 19. Ne4 Qe5 {[%emt 0:02:09] [#]} 20. Nxf6+ $2 (20. Rd5 $1 $18 {[%mdl 512] and the rest is easy.}) 20... Qxf6 21. Rd7 Rcd8 22. Rcd1 Rxd7 23. Rxd7 Rd8 24. Qd2 Rxd7 25. Qxd7 Kg7 26. Bd5 ({Don't do} 26. Bxb7 Nxb7 27. Qxb7 Qe5 $16) 26... Nc6 (26... Qf5 $142 27. Qxf5 gxf5) 27. Qxb7 Ne5 (27... Nd8 $142 28. Qc7 (28. Qxa7 Qxb2 29. Kg2 Qe5 $16) 28... Ne6 29. Qxc4 Nd4) 28. Qxa7 Nc6 29. Bxc6 (29. Qb6 $142) 29... Qxc6 30. Qd4+ $18 Kh6 31. h4 f5 32. f3 Kh5 33. Kg2 Kh6 34. Qe3+ Kg7 35. Qc3+ Kh6 36. b3 Qa6 37. Qxc4 Qxa2 38. Qf4+ Kg7 39. Qe5+ Kh6 40. b4 Qa6 41. b5 Qb6 42. Qb2 Kh5 43. Qg7 h6 44. Qe5 g5 45. Qe8+ 1-0

[Event "Torneio Nacional Honour 2017-18"]
[Site "Cascais"]
[Date "2018.08.15"]
[Round "7"]
[White "Lavrador, Rodolfo M Mascarenh"]
[Black "Guia, Artur Solovyov Eloy"]
[Result "1-0"]
[ECO "C84"]
[WhiteElo "1859"]
[BlackElo "1818"]
[Annotator "NA RC"]
[PlyCount "155"]
[EventDate "2018.08.11"]
[EventType "tourn"]
[EventCountry "POR"]
[SourceTitle "playchess.com"]
[Source "ChessBase"]
[SourceQuality "1"]
[TimeControl "5400+30"]

1. e4 e5 2. Nf3 Nc6 3. Bb5 a6 4. Ba4 Nf6 5. O-O Be7 6. c3 b5 7. Bc2 d6 8. h3 O-O 9. Re1 Na5 {[%emt 0:00:07] C87: Closed Ruy Lopez: Steinitz-type lines after 6 Re1 d6} (9... Bb7 10. d4 exd4 11. cxd4 Nb4 12. Bb3 c5 13. a3 Nc6 14. Nc3 Nxd4 15. Nxd4 cxd4 16. Qxd4 Nd7 17. Nd5 Nc5 18. Ba2 Bxd5 19. Qxd5 {1-0 (76) Anand,V (2752)-Sokolov,I (2647) Prague 2002 CBM 089 [Anand,V]}) 10. d4 exd4 11. cxd4 c5 12. dxc5 dxc5 13. Qxd8 Rxd8 14. Nc3 $146 ({Predecessor:} 14. Bf4 Nc6 15. a3 Be6 16. Nc3 Nd4 17. Bd1 {1-0 (35) Tan,J-Meszaros,T St Lorenzo 1995}) 14... Nc6 15. Bf4 Nb4 16. Bb1 Bb7 17. a3 Nd3 18. Bxd3 Rxd3 19. Ne5 Rd4 20. f3 Re8 21. Ne2 Rdd8 22. Red1 Rxd1+ 23. Rxd1 Rd8 24. Rxd8+ Bxd8 25. Kf2 Nh5 26. Be3 c4 27. Ng4 Nf6 28. Bd4 Nxg4+ 29. hxg4 Bg5 30. f4 Bd8 31. Ke3 g6 32. g3 Kf8 33. Bc5+ Ke8 34. g5 Kd7 35. Nd4 Ba8 36. Nf3 Bc7 37. Bd4 Ke6 38. g4 Bb7 39. f5+ $11 Ke7 40. Bc5+ Kd7 41. Bd4 Ke7 42. Nd2 Bg3 43. Bc3 Kd6 44. Bb4+ Kd7 45. a4 Be1 46. axb5 axb5 47. Bc3 Bc6 48. Nf3 Bg3 49. Be5 Bxe5 50. Nxe5+ Kd6 51. Nxf7+ Kc5 52. e5 b4 53. Kd2 Kd4 54. e6 c3+ 55. bxc3+ bxc3+ 56. Kc1 Ke4 57. f6 Kd5 58. Nd8 Kd6 59. Nxc6 Kxe6 60. Nd4+ Kf7 61. Nf3 h6 62. gxh6 Kxf6 63. g5+ Kf7 64. Kc2 Kg8 65. Kxc3 Kh7 66. Kd4 Kg8 67. Ke5 Kf7 68. Nh4 Kg8 69. Nxg6 Kh7 70. Nf4 Kg8 71. g6 Kf8 72. Kf6 Kg8 73. h7+ Kh8 74. g7+ Kxh7 75. Kf7 Kh6 76. Ne6 Kh7 77. g8=Q+ Kh6 78. Qg6# 1-0

[Event "Torneio Nacional Honour 2017-18"]
[Site "Cascais"]
[Date "2018.08.15"]
[Round "7"]
[White "Sa, Claudio Simao Carva"]
[Black "Horta, Antonio Mauricio Ri"]
[Result "1-0"]
[ECO "B00"]
[WhiteElo "1790"]
[BlackElo "1950"]
[Annotator "NA RC"]
[PlyCount "67"]
[EventDate "2018.08.11"]
[EventType "tourn"]
[EventCountry "POR"]
[SourceTitle "playchess.com"]
[Source "ChessBase"]
[SourceQuality "1"]
[TimeControl "5400+30"]

1. e4 d6 2. Nc3 Nf6 3. f4 g6 4. Nf3 Bg7 5. Bc4 O-O 6. d3 c6 7. O-O Nbd7 {[%emt 0:01:33] B07: Pirc Defence: Miscellaneous Systems} (7... a5 8. a4 Na6 9. Kh1 d5 10. Bxa6 Rxa6 11. Qe1 Bg4 12. e5 Ne8 13. Qh4 Bc8 14. Bd2 Nc7 15. Rae1 {0-1 (36) Ermeni,A (2247)-Morozov,N (2467) Heraklio 2017}) 8. Qe1 b5 9. Bb3 Nc5 10. Qh4 Nxb3 11. axb3 Nd7 $146 ({Predecessor:} 11... Bg4 12. f5 Bxf3 13. Rxf3 Nd7 14. Rh3 Nf6 15. Bh6 {1-0 (23) Feller,S (2080)-Troubat,N (1800) Aurec 2002}) 12. f5 Ne5 ({Better is} 12... e5 $14) 13. Bh6 f6 14. Nxe5 dxe5 15. g4 g5 16. Qh3 Rf7 17. Bxg7 Rxg7 18. Ne2 Bd7 19. Qe3 Qc7 20. Ng3 Be8 21. Ra6 c5 22. Rfa1 Kh8 23. b4 cxb4 24. Rxa7 Rxa7 25. Rxa7 Qxc2 26. Ra8 Rg8 $11 27. Ra7 Qxb2 28. Rxe7 Qd4 29. Qxd4 exd4 30. Nf1 Rf8 31. Nd2 Bf7 32. Rb7 Rc8 33. Rxf7 Rc2 34. Nb3 1-0